Match 39137404
Unlisted

Match 39137404
End
Construct Infanterie Kompanie
Selects Luftwaffe Battlegroup
Selects Luftwaffe Pioneer Support
Fallschirmpioneer Squad Paradrop
MG 42 Machine Gun Team
Fallschirmpioneer Squad Paradrop
Construct Panzergrenadier Kompanie
Panzergrenadier Squad
Pak 40 Anti-tank Gun Team
Medical Bunker
Panzergrenadier Squad
Construct Panzer Kompanie
Selects LG40 Recoilless Gun Paradrop
Sturmpanzer IV Brummbär
Smokers are Jokers
max
matjouz
Sarmynation
0
0

Comments sign in to comment!

No comments posted yet!